 Dungeon Crawl Stone Soup version 0.28-a0-1130-gc51a68064b (webtiles) character file.

Game seed: 14190307809111044177

3744 freelancePsychic the Thaumaturge (level 10, -5/76 HPs)
             Began as a Djinni Fire Elementalist on Dec 13, 2021.
             Was a Priest of Makhleb.
             Slain by an orc warrior (18 damage)
             ... on level 9 of the Dungeon.
             The game lasted 00:11:35 (9817 turns).

freelancePsychic the Thaumaturge (DjFE)             Turns: 9817, Time: 00:11:36

Health: -5/76      AC:  3    Str:  7    XL:     10   Next: 37%
Gold:   371        EV: 12    Int: 22    God:    Makhleb [***...] SH:  0 Dex: 13

rFire   + + .      SeeInvis .   e - staff of conjuration
rCold   x . .      Faith    .   (no shield)
rNeg    + . .      Spirit   .   a - +0 robe
rPois   ∞          Reflect  .   (no helmet)
rElec   .          Harm     .   c - +0 cloak
rCorr   .          Rampage  .   (no gloves)
Will    +....                   (boots unavailable)
Stlth   ++........              (no amulet)
HPRegen 0.22/turn               s - ring of positive energy
MPRegen 0.00/turn               (no ring)

@: flying
A: sickness immunity, fire resistance 2, cold vulnerability 1, float, innate
caster, hp casting, extra vitality 1
a: Renounce Religion, Minor Destruction, Lesser Servant of Makhleb


You were on level 9 of the Dungeon.
You worshipped Makhleb.
Makhleb was most pleased with you.
You visited 1 branch of the dungeon, and saw 9 of its levels.

You collected 371 gold pieces.

Inventory:

Armour
 a - a +0 robe (worn)
 c - a +0 cloak (worn)
Magical Staves
 e - a staff of conjuration (weapon)
 o - a staff of air
 u - a staff of earth
Jewellery
 s - a ring of positive energy (left hand)
Wands
 r - a wand of flame (29)
 A - a wand of paralysis (9)
Scrolls
 g - a scroll of fear {unknown}
 k - 2 scrolls of enchant weapon
 l - a scroll of silence {unknown}
 t - 2 scrolls of immolation
 v - a scroll of fog {unknown}
 w - a scroll of noise
 y - 2 scrolls of identify {@r1}
 z - a scroll of torment {unknown}
Potions
 d - 2 potions of invisibility {unknown}
 f - a potion of haste {unknown}
 h - 3 potions of ambrosia {unknown}
 i - 6 potions of attraction {unknown}
 j - 2 potions of degeneration
 m - 3 potions of might {unknown}
 n - 2 potions of magic {unknown}
 p - 3 potions of heal wounds {unknown}
 q - a potion of lignification {unknown}
 x - a potion of cancellation {unknown}


   Skills:
 + Level 8.2 Fighting
 - Level 2.1 Dodging
 - Level 1.5 Stealth
 * Level 9.4 Spellcasting


You had 4 spell levels left.
You knew the following spells:

 Your Spells              Type           Power      Damage    Failure   Level
a - Foxfire               Conj/Fire      100%       2x1d9     1%          1
b - Scorch                Fire           100%       2d10      1%          2
c - Inner Flame           Hex/Fire       51%        N/A       1%          3
d - Summon Lightning Spi  Summ/Air       51%        N/A       1%          4
e - Flame Wave            Conj/Fire      67%        2d10      1%          4
f - Conjure Flame         Conj/Fire      67%        6-21      1%          3
g - Passwall              Tmut/Erth      42%        N/A       1%          2
h - Vampiric Draining     Necr           51%        2d9       1%          3
i - Sandblast             Erth           100%       2d20      1%          1
Your spell library was empty.

Dungeon Overview and Level Annotations

Branches:
Dungeon (9/15)             Temple (0/1) D:7            Lair (0/6) D:9
    Orc (0/2) D:9

Altars:
Cheibriados
Elyvilon
Fedhas
Gozag
Kikubaaqudgha
Makhleb
Sif Muna
Uskayaw

Shops:
D:1 =   D:3 ?*!(   D:4 :

Annotations:
D:3 3 runed translucent doors, Strewth's ghost, amateur MiBe
D:9 bande's ghost, novice GrFi


Innate Abilities, Weirdness & Mutations

You are immune to sickness and miasma.
You are immune to poison.
Your flesh is very heat resistant. (rF++)
You are vulnerable to cold. (rC-)
You float through the air rather than walking.
You learn spells naturally, not from books.
Your magical power is your life essence.
You have superior vitality. (+4 HP)


Message History

You hear the creaking of a very distant portcullis.
Found a scroll labelled AZAIN SUSA.
Really fly into that teleport trap?
You enter a teleport trap!
The teleport trap disappears.
Your surroundings suddenly seem different. 2 orcs, an orc warrior and an orc priest come into view.
The orc priest is wielding a +1 antimagic hand axe.
Found a club.
The orc shouts!
The orc priest misses you.
The orc moves out of view.
The orc priest closely misses you.
Things that are here:
a +0 dagger; a +0 ring mail; a potion of degeneration The orc warrior shouts!
The orc hits you with a +0 short sword.
* * * LOW HITPOINT WARNING * * *
Items here: ( )) [ †.
Casting: Foxfire (safe; 1% risk of failure)
Confirm with . or Enter, or press ? or * to list all spells.
An electric hum fills the air.
* * * LOW HITPOINT WARNING * * *
The orc priest barely misses you. The orc hits you but does no damage.
The orc priest invokes the aid of Beogh against you.
Beogh smites you!
* * * LOW HITPOINT WARNING * * *
Things that are here:
a +0 flail; a +0 chain mail; an orc corpse You feel better.
You feel better.
The orc hits your lightning spire with a +0 short sword.
The orc warrior hits you from afar with a +0 glaive!
* * * LOW HITPOINT WARNING * * *
As you read the scroll labelled EJUNWE BECRIPS, it crumbles to dust.
You hear a loud clanging noise!
It was a scroll of noise.
You hear a shout!
You hear a bellow! x4; You hear an angry buzzing noise. x2
You hear a bellow!
You hear a roar!
The orc hits your lightning spire with a +0 short sword!
The orc warrior hits you from afar with a +0 glaive!!
You die...

#### *** *****,** ...# *,*
*,,,,>,* ...# *,# *,,,>,,* o..#
####.# *,,,,,,* )..####
#...,*#############***
......######.#####............,,,
#.###.......o....#..#.........,,,
######..###.####8#).#)........,,,
#*#y###.# #.# #@oo.))...)....,,,
,#...##.# #.# ###o..).....#*,,,,
,#.#.##.# #.# #..?.........,,,
,#y..##.#*#+#****#............,,,
*y#.*y#.#*,,,,,,*#############***
,,.*,,#..+,,,,,,*** *,,,,,,,*
,*,*,©*©,*,,,,,,+,* *,,,,,,,*
,,,*,,*,**,,,,,,*,** *,,,,,,,* *
*,*,*,*,**,,,,,,*,,***,<,,,,,****


You could see an orc warrior, an orc priest, an orc (ally target) and a friendly
lightning spire (summoned).

Vanquished Creatures
  Psyche (D:8)
  Prince Ribbit (D:7)
  A wyvern (D:9)
  Menkaure (D:7)
  A water moccasin (D:6)
  2 ice beasts
  A sky beast (D:5)
  2 ogres
  2 kobold brigands
  3 bullfrogs
  2 scorpions
  A wyvern skeleton (D:5)
  A water moccasin skeleton (D:5)
  5 wights (D:8)
  2 centaur zombies
  8 orc priests
  2 jellies (D:7)
  2 gnoll shamans (D:6)
  A hound (D:6)
  A bullfrog skeleton (D:6)
  7 iguanas
  A scorpion zombie (D:5)
  3 orc wizards
  2 hound skeletons
  A mummy (D:6)
  6 adders
  20 gnolls
  A howler monkey skeleton (D:6)
  2 shadow imps
  A white imp (D:7)
  2 ufetubi
  An adder skeleton (D:4)
  A worm (D:3)
  2 dart slugs (D:1)
  20 orcs
  6 endoplasms
  5 giant cockroaches
  2 goblins (D:1)
  3 hobgoblins (D:1)
  6 jackals
  6 kobolds
  3 quokkas (D:1)
  9 ball pythons
  6 bats
  7 frilled lizards
  3 rats (D:3)
166 creatures vanquished.

Vanquished Creatures (collateral kills)
  Joseph (D:9)
  A scorpion (D:6)
  A gnoll sergeant (D:7)
  2 wights (D:8)
  4 gnolls
  6 orcs
  A kobold (D:9)
  A foxfire (D:1)
17 creatures vanquished.

Vanquished Creatures (others)
  333 foxfires
333 creatures vanquished.

Grand Total: 516 creatures vanquished

Notes
Turn   | Place    | Note
-------+----------+-------------------------------------------
     0 | D:1      | freelancePsychic the Djinni Fire Elementalist began the
                  | quest for the Orb.
     0 | D:1      | Reached XP level 1. HP: 15/15 MP: 0/0
   311 | D:1      | Reached XP level 2. HP: 13/22 MP: 0/0
   719 | D:1      | Found Errouth's Jewellery Emporium.
   789 | D:1      | Reached skill level 1 in Fighting
   996 | D:1      | Reached XP level 3. HP: 24/27 MP: 0/0
   996 | D:1      | Learned a level 1 spell: Sandblast
  1007 | D:1      | Reached skill level 3 in Spellcasting
  1737 | D:2      | Reached XP level 4. HP: 28/33 MP: 0/0
  2768 | D:3      | Reached XP level 5. HP: 28/38 MP: 0/0
  2768 | D:3      | Learned a level 2 spell: Passwall
  2891 | D:3      | Found a white marble altar of Elyvilon.
  2968 | D:3      | Found Gipipish's Antique Weapon Boutique.
  2984 | D:3      | Found an opulent altar of Gozag.
  3061 | D:3      | Found Cewet's Distillery.
  3080 | D:3      | Reached skill level 4 in Spellcasting
  3147 | D:3      | Found Ynaacust's Magic Scroll Shop.
  3249 | D:3      | Found a burning altar of Makhleb.
  3291 | D:3      | Found a runed translucent gate.
  3292 | D:3      | Found a runed translucent gate.
  3292 | D:3      | Found a runed translucent gate.
  3314 | D:3      | Became a worshipper of Makhleb the Destroyer
  3336 | D:3      | Noticed Strewth's ghost (amateur MiBe)
  3370 | D:3      | Found Gotats's Assorted Antiques.
  3392 | D:3      | Found a hide-covered altar of Uskayaw.
  3681 | D:4      | Found Jeamuo's Self-Improvement Boutique.
  3686 | D:4      | Reached XP level 6. HP: 34/46 MP: 0/0
  3700 | D:4      | Noticed an ogre
  3988 | D:4      | Killed an ogre
  4104 | D:4      | Reached XP level 7. HP: 44/50 MP: 0/0
  4104 | D:4      | Learned a level 3 spell: Vampiric Draining
  4233 | D:4      | Found a blossoming altar of Fedhas.
  4533 | D:5      | Entered Level 5 of the Dungeon
  4559 | D:5      | Reached skill level 5 in Spellcasting
  5154 | D:5      | Reached * piety under Makhleb
  5472 | D:5      | Reached XP level 8. HP: 17/58 MP: 0/0
  5751 | D:5      | Reached skill level 6 in Spellcasting
  6092 | D:5      | Reached skill level 5 in Fighting
  6889 | D:6      | Identified the +7 ring mail of Okawaru's Approval {rF+
                  | Will+}
  6897 | D:6      | Reached skill level 7 in Spellcasting
  6897 | D:6      | Reached XP level 9. HP: 57/66 MP: 0/0
  6897 | D:6      | Learned a level 4 spell: Summon Lightning Spire
  7006 | D:6      | Reached ** piety under Makhleb
  7753 | D:6      | Found a snail-covered altar of Cheibriados.
  7949 | D:7      | Noticed Menkaure
  7954 | D:7      | Killed Menkaure
  8049 | D:7      | Noticed Prince Ribbit
  8056 | D:7      | Killed Prince Ribbit
  8057 | D:7      | Reached skill level 8 in Spellcasting
  8417 | D:7      | Found a staircase to the Ecumenical Temple.
  8841 | D:8      | Noticed Psyche
  8846 | D:8      | Killed Psyche
  8847 | D:8      | Reached XP level 10. HP: 46/75 MP: 0/0
  9605 | D:9      | Noticed Joseph
  9611 | D:9      | Killed Joseph
  9612 | D:9      | Reached skill level 9 in Spellcasting
  9658 | D:9      | Noticed bande's ghost (novice GrFi)
  9761 | D:9      | Reached *** piety under Makhleb
  9813 | D:9      | HP: 3/76 [orc priest/divine providence (14)]
  9817 | D:9      | Slain by an orc warrior

Illustrated notes

Levels and vault maps discovered:
D:1:      evilmike_arrival_home_sweet_home, layout_basic, serial_shops,
          nicolae_lakefront_shop, minivault_19, roderic_lattice_a
D:2:      layout_loops_ring, nrook_mini_vaults
D:3:      layout_basic, lemuel_doored_altar, mainiacjoe_overflow_alcove_1,
          mainiacjoe_overflow_catwalk, lightli_temple_of_fire,
          gammafunk_ghost_necromancy, serial_shops, shop,
          nicolae_shop_advertising_works [nicolae_subvault_shop_adworks], shop,
          nicolae_shop_waterfront
D:4:      layout_rooms, grunt_temple_overflow_growth_and_decay,
          nicolae_shop_self_help
D:5:      layout_layer_cave, minmay_liquid_box
D:6:      layout_basic, slow_altar_2
D:7:      layout_rooms, temple_fountains, uniq_menkaure, uniq_prince_ribbit1
D:8:      layout_loops_corners, uniq_psyche
D:9:      layout_roguey [special_room_bee], mainiacjoe_overflow_six_doors_small,
          nicolae_wu_jian_glorious_leap, lemuel_tele_altar, dpeg_lair_monsters,
          erik_orc_1, enter_bailey_2, gammafunk_ghost_hive,
          amcnicky_mini_pool_medium, uniq_joseph

Skill      XL: |  1  2  3  4  5  6  7  8  9 10 |
---------------+-------------------------------+-----
Fighting       | 1 2 3 4 5 7 8 |  8.2
Spellcasting   | 3 4 5 7 8 9 |  9.4
Dodging        | |  2.1
Stealth        | |  1.5

Action                   |  1- 3 |  4- 6 |  7- 9 | 10-12 || total
-------------------------+-------+-------+-------+-------++-------
Melee: Staff             |       |       |     2 |       ||     2
 Cast: Foxfire           |    29 |    51 |   110 |     7 ||   197
       Scorch            |    23 |    25 |    97 |    17 ||   162
       Vampiric Draining |       |       |    17 |       ||    17
       Summon Lightning  |       |       |    12 |     3 ||    15
       Inner Flame       |       |       |     3 |     7 ||    10
  Use: Scroll            |       |       |     4 |     2 ||     6
       Potion            |       |       |     1 |     2 ||     3
Armor: Robe              |     5 |     2 |     5 |     4 ||    16
Dodge: Dodged            |     8 |     6 |    27 |    15 ||    56

Table legend: (Time is in decaauts)
 A = Elapsed time spent in this place.
 B = Non-inter-level travel time spent in this place.
 C = Inter-level travel time spent in this place.
 D = Time resting spent in this place.
 E = Time spent auto-exploring this place.
 F = Levels seen in this place.
 G = Mean time per level.
                   A        B        C        D        E       F      G
               +--------+--------+--------+--------+--------+-----+--------+
         Total |   9816 |   9533 |    283 |    244 |   8251 |   9 | 1090.7 |
       Dungeon |   9816 |   9533 |    283 |    244 |   8251 |   9 | 1090.7 |
               +--------+--------+--------+--------+--------+-----+--------+

Top non-repeatable levels by time:
     D:1: 1823 daAuts
     D:5: 1780 daAuts
     D:6: 1594 daAuts
     D:8: 1036 daAuts
     D:3: 1024 daAuts
     D:2: 936 daAuts
     D:4: 750 daAuts
     D:7: 654 daAuts
     D:9: 215 daAuts
